 Dungeon Sprint DCSS version 0.27.1-1-g398f81649c (webtiles) character file.

Game seed: 12301887324039352097

8511 styxcanada the Imperceptible (level 11, -2/60 HPs)
             Began as a Spriggan Brigand on Sept 15, 2021.
             Was an Initiate of Gozag.
             Slain by a spriggan rider (16 damage)
             ... in the Dungeon (Sprint IV: "Fedhas' Mad Dash").
             The game lasted 00:13:46 (2377 turns).

styxcanada the Imperceptible (Spriggan Brigand)     Turns: 2377, Time: 00:13:47

Health: -2/60      AC: 11    Str: 14    XL:     11   Next: 10%
Magic:  9/20       EV: 25    Int: 13    God:    Gozag
Gold:   338        SH:  5    Dex: 19    Spells: 18/21 levels left

rFire    . . .     SeeInvis +   a - +2 dagger
rCold    . . .     Faith    .   s - +0 buckler {AC+3}
rNeg     + . .     Spirit   .   q - +1 robe {rN+}
rPois    .         Reflect  .   (helmet restricted)
rElec    .         Harm     .   c - +0 cloak
rCorr    .         Rampage  .   (gloves unavailable)
Will     +....     NoTele   +   (boots unavailable)
Stlth    +++++++++.             l - amulet of invisibility {+Inv}
HPRegen  0.20/turn              t - +4 ring of protection
MPRegen  0.17/turn              u - +6 ring of strength

@: lethally poisoned (-2 -> -3), slightly contaminated, invisible (expiring),
very quick
A: very small, no large weapons, unfitting armour, see invisible, speed 3
a: Renounce Religion, Evoke Invisibility, Potion Petition, Call Merchant, Bribe
Branch


You were in the Dungeon.
You worshipped Gozag.
Gozag was aware of your devotion.
You visited 1 branch You collected 2536 gold pieces.
You spent 2198 gold pieces at shops.

Inventory:

Hand Weapons
 a - a +2 dagger (weapon)
 k - the +3 mace "Taluhaz" {freeze, +Blink rPois SInv}
   (You bought it in a shop in the Dungeon)

   It freezes those it strikes, dealing additional cold damage.
   It can also slow down cold-blooded creatures.
   rPois:     It protects you from poison.
   SInv:      It lets you see invisible.
   +Blink:    It lets you blink.
 r - a +0 flail of protection
Missiles
 d - 17 poisoned darts
 e - a curare-tipped dart
 m - 21 stones (quivered)
Armour
 c - a +0 cloak (worn)
 q - a +1 robe of positive energy (worn)
 s - a +0 buckler of protection (worn)
Jewellery
 l - the amulet of invisibility (around neck) {+Inv}
   (You found it in the Dungeon)

   [amulet of nothing]

   +Inv:      It lets you turn invisible.
 t - a +4 ring of protection (left hand)
 u - a +6 ring of strength (right hand)
Scrolls
 n - 5 scrolls of identify
 o - 3 scrolls of enchant weapon
Potions
 f - a potion of curing
 g - a potion of heal wounds
 h - a potion of haste
 i - 2 potions of magic
 p - 2 potions of might
Miscellaneous
 b - a phantom mirror
 j - a tin of tremorstones (2/2)


   Skills:
 * Level 7.8 Fighting
 + Level 5.9 Short Blades
 + Level 8.2 Throwing
 * Level 11.6 Dodging
 * Level 23.7 Stealth
 * Level 5.6 Spellcasting
 * Level 3.4 Conjurations
 * Level 5.5 Hexes
 * Level 14.8 Evocations


You had 18 spell levels left.
You knew the following spells:

 Your Spells              Type           Power      Damage    Failure   Level
a - Dazzling Flash        Conj/Hex       30%        N/A       14%         3

Your spell library contained the following spells:

 Spells                   Type           Power      Damage    Failure   Level
 Inner Flame              Hex/Fire       10%        N/A       28%         3
 Leda's Liquefaction      Hex/Erth       5%         N/A       67%         4
 Summon Mana Viper        Hex/Summ       10%        N/A       95%         5
 Animate Dead             Necr           1%         N/A       96%         4
 Haunt                    Necr/Summ      1%         N/A       100%        7
 Infestation              Necr           1%         N/A       100%        8


Dungeon Overview and Level Annotations

Branches:
Dungeon (1/1)

Altars:
Cheibriados
Dithmenos
Elyvilon
Gozag
Hepliaklqana
Kikubaaqudgha
Makhleb
Nemelex Xobeh
Okawaru
Qazlal
Ru
Sif Muna
Trog
Uskayaw
Vehumet
Wu Jian
Xom
Yredelemnul
Zin
The Shining One
Beogh
Jiyva
Lugonu

Shops:
D !*[=??!(


Innate Abilities, Weirdness & Mutations

You are very small and have problems with some larger weapons.
You are too small for most types of armour.
You have supernaturally acute eyesight. (SInv)
You cover ground extremely quickly. (Speed+++)


Message History

You miscast Dazzling Flash.
You are lightly contaminated with residual magic.
Nothing appears to happen.
The spriggan completely misses you.
The spriggan rider hits you but does no damage.
Casting: Dazzling Flash (dangerous; 14% risk of failure)
Confirm with . or Enter, or press ? or * to list all spells.
The spriggan is dazzled.
The spriggan closely misses you. The spriggan rider hits you!
You hit the spriggan rider but do no damage.
The spriggan rider is lightly wounded.
The spriggan hits you with a +2 dagger of venom.
You are poisoned.
Unknown command.
You barely miss the spriggan.
You feel sick.
The spriggan rider completely misses you.
You feel sick. The spriggan rider hits you. The spriggan misses you.
You hit the spriggan but do no damage.
You feel sick.
Unknown command.
You hit the spriggan but do no damage.
You feel sick.
The spriggan is no longer blind.
The spriggan rider hits you!
* * * LOW HITPOINT WARNING * * *
You block the spriggan's attack.
You feel much better.
You feel sick. The spriggan rider misses you. The spriggan misses you.
Casting: Dazzling Flash (dangerous; 14% risk of failure)
Confirm with . or Enter, or press ? or * to list all spells.
The spriggan is dazzled.
You feel sick. You block the spriggan's attack.
The spriggan rider completely misses you.
Unknown command.
You closely miss the spriggan.
You flicker for a moment.
You feel sick. The spriggan rider hits you!!
* * * LOW HITPOINT WARNING * * *
You block the spriggan's attack.
You hit the spriggan but do no damage.
You feel sick.
The spriggan rider completely misses you.
You barely miss the spriggan. You block the spriggan's attack.
The spriggan rider hits you!
You die...
Your body crumbles into a pile of gold.

....♣.....#...###################
...♣..♣..######♣♣♣♣♣..♣.###.'.)'.
####'######..'......♣..♣##.)#!.#.
#....'.......#♣..♣♣♣.♣).###.##'##
#.)###.......#.♣♣.(♣...♣'...#♣.♣#
#### ########################....
...........# ###..♣..♣
.......i.P.#####.).♣....
......i@.P..........♣.).
.........P...###########
##############


$$$$ $$$$$ $$$$$ $$$$ $ You could see a spriggan rider and a spriggan (blind).

Vanquished Creatures
  Agnes (D)
  A spriggan defender (D)
  A spriggan berserker (D)
  A spriggan druid (D)
  6 oklob plants (D)
  A demonic crawler (D)
  3 wandering mushrooms (D)
  3 burning bushes (D)
  A queen bee (D)
  A hornet (D)
  3 scorpions (D)
  4 killer bees (D)
  5 oklob saplings (D)
  5 spriggans (D)
  A river rat (D)
  A rat (D)
  A ballistomycete spore (D)
39 creatures vanquished.

Vanquished Creatures (others)
  2 fungi (D)
2 creatures vanquished.

Grand Total: 41 creatures vanquished

Notes
Turn   | Place    | Note
-------+----------+-------------------------------------------
     0 | D        | styxcanada the Spriggan Brigand began the quest for the
                  | Orb.
     0 | D        | Reached XP level 1. HP: 10/10 MP: 2/2
    18 | D        | Reached skill level 7 in Stealth
    18 | D        | Reached XP level 2. HP: 15/15 MP: 3/3
    20 | D        | Reached skill level 8 in Stealth
    37 | D        | Noticed an oklob sapling
    39 | D        | Killed an oklob sapling
    40 | D        | Reached skill level 9 in Stealth
    40 | D        | Reached XP level 3. HP: 18/18 MP: 4/4
    41 | D        | Noticed a scorpion
    41 | D        | Found the amulet of invisibility {+Inv}
    43 | D        | Killed a scorpion
    44 | D        | Reached skill level 11 in Stealth
    44 | D        | Reached XP level 4. HP: 23/23 MP: 5/5
    67 | D        | Found an opulent altar of Gozag.
    67 | D        | Found a hazy altar of Hepliaklqana.
    67 | D        | Found a burning altar of Makhleb.
    67 | D        | Found a sparkling altar of Nemelex Xobeh.
    67 | D        | Found a snail-covered altar of Cheibriados.
    67 | D        | Found a sacrificial altar of Ru.
    67 | D        | Found a shimmering blue altar of Sif Muna.
    67 | D        | Found a shimmering altar of Xom.
    67 | D        | Found a basalt altar of Yredelemnul.
    68 | D        | Found a viscous altar of Jiyva.
    68 | D        | Found a bloodstained altar of Trog.
    68 | D        | Found an ornate altar of the Wu Jian Council.
    69 | D        | Found an iron altar of Okawaru.
    69 | D        | Found a shadowy altar of Dithmenos.
    69 | D        | Found a glowing silver altar of Zin.
    70 | D        | Found an ancient bone altar of Kikubaaqudgha.
    70 | D        | Found a hide-covered altar of Uskayaw.
    71 | D        | Found a stormy altar of Qazlal.
    71 | D        | Found a white marble altar of Elyvilon.
    71 | D        | Found a glowing golden altar of the Shining One.
    72 | D        | Became a worshipper of Gozag Ym Sagoz the Greedy
    73 | D        | Found a corrupted altar of Lugonu.
    73 | D        | Found a radiant altar of Vehumet.
    77 | D        | Reached skill level 13 in Stealth
    77 | D        | Reached skill level 1 in Evocations
    77 | D        | Reached XP level 5. HP: 28/28 MP: 3/6
   238 | D        | Reached skill level 5 in Dodging
   238 | D        | Reached skill level 14 in Stealth
   305 | D        | Reached XP level 6. HP: 12/33 MP: 7/7
   326 | D        | Found Esiozu's Assorted Antiques.
   326 | D        | Found Fatuom's Distillery.
   332 | D        | Bought a potion of attraction for 36 gold pieces
   332 | D        | Bought a potion of berserk rage for 60 gold pieces
   332 | D        | Bought a potion of heal wounds for 60 gold pieces
   333 | D        | Bought 2 metallic sapphire potions for 50 gold pieces
   333 | D        | Bought an embroidered robe for 103 gold pieces
   507 | D        | Noticed a burning bush
   507 | D        | Noticed a wandering mushroom
   508 | D        | Noticed a wandering mushroom
   535 | D        | Killed a wandering mushroom
   536 | D        | Reached skill level 16 in Stealth
   536 | D        | Reached skill level 5 in Evocations
   536 | D        | Killed a wandering mushroom
   537 | D        | Reached skill level 5 in Throwing
   537 | D        | Reached skill level 17 in Stealth
   537 | D        | Reached XP level 7. HP: 25/38 MP: 8/8
   659 | D        | Found Qalatsept's Magic Scroll Emporium.
   660 | D        | Found Goliw's Magic Scroll Shoppe.
   673 | D        | HP: 1/38 [burning bush/puff of flame (6)]
  1108 | D        | Killed a burning bush
  1109 | D        | Reached skill level 5 in Fighting
  1109 | D        | Reached skill level 5 in Short Blades
  1126 | D        | Bought a scroll of identify for 20 gold pieces
  1126 | D        | Bought a scroll of identify for 20 gold pieces
  1126 | D        | Bought a scroll of identify for 20 gold pieces
  1228 | D        | Bought a scroll of enchant weapon for 75 gold pieces
  1228 | D        | Bought a scroll of enchant weapon for 75 gold pieces
  1228 | D        | Bought a scroll of enchant weapon for 75 gold pieces
  1230 | D        | Bought a scroll of identify for 28 gold pieces
  1265 | D        | Reached XP level 8. HP: 43/43 MP: 6/9
  1271 | D        | Noticed a queen bee
  1278 | D        | Killed a queen bee
  1279 | D        | Reached skill level 18 in Stealth
  1295 | D        | Noticed an oklob plant
  1298 | D        | Killed an oklob plant
  1299 | D        | Reached skill level 19 in Stealth
  1299 | D        | Reached skill level 10 in Evocations
  1331 | D        | Noticed a burning bush
  1355 | D        | Killed a burning bush
  1356 | D        | Reached XP level 9. HP: 27/48 MP: 10/10
  1490 | D        | Noticed a burning bush
  1490 | D        | Noticed an oklob plant
  1491 | D        | Noticed a wandering mushroom
  1492 | D        | Killed a burning bush
  1497 | D        | Killed an oklob plant
  1498 | D        | Reached skill level 20 in Stealth
  1501 | D        | Killed a wandering mushroom
  1505 | D        | Got the Tome of Enchantment
  1512 | D        | Learned a level 3 spell: Dazzling Flash
  1566 | D        | Noticed a spriggan druid
  1568 | D        | Killed a spriggan druid
  1569 | D        | Reached skill level 10 in Dodging
  1569 | D        | Reached skill level 1 in Spellcasting
  1569 | D        | Reached skill level 1 in Conjurations
  1569 | D        | Reached skill level 1 in Hexes
  1586 | D        | Noticed an oklob plant conjurer
  1587 | D        | Killed an oklob plant conjurer
  1588 | D        | Reached skill level 21 in Stealth
  1628 | D        | Noticed an oklob plant
  1628 | D        | Noticed an oklob plant summoner
  1629 | D        | Noticed an oklob plant shifter
  1633 | D        | Killed an oklob plant
  1634 | D        | Reached XP level 10. HP: 53/53 MP: 11/15
  1635 | D        | Killed an oklob plant summoner
  1638 | D        | Killed an oklob plant shifter
  1657 | D        | Reached skill level 22 in Stealth
  1720 | D        | Noticed a spriggan rider
  1721 | D        | Found Zojum's Distillery.
  1725 | D        | Found Jiymeuh's Antique Weapon Shoppe.
  2134 | D        | Bought a potion of might for 48 gold pieces
  2134 | D        | Bought a potion of heal wounds for 60 gold pieces
  2136 | D        | Bought an iridescent mace for 240 gold pieces
  2136 | D        | Identified the +3 mace "Taluhaz" {freeze, +Blink rPois
                  | SInv} (You bought it in a shop in the Dungeon)
  2255 | D        | Noticed Agnes
  2257 | D        | Found Filifrei's Antique Armour Emporium.
  2257 | D        | Noticed a spriggan berserker
  2259 | D        | Found Tamis's Jewellery Shoppe.
  2261 | D        | Killed Agnes
  2262 | D        | Reached skill level 23 in Stealth
  2265 | D        | Killed a spriggan berserker
  2266 | D        | Reached skill level 5 in Spellcasting
  2266 | D        | Reached skill level 5 in Hexes
  2272 | D        | Noticed a spriggan defender
  2279 | D        | Killed a spriggan defender
  2280 | D        | Reached XP level 11. HP: 60/60 MP: 17/20
  2302 | D        | Bought a +4 ring of protection for 468 gold pieces
  2302 | D        | Bought a +6 ring of strength for 760 gold pieces
  2353 | D        | Noticed a spriggan rider
  2377 | D        | Slain by a spriggan rider

Illustrated notes

Levels and vault maps discovered:
D:        dungeon_sprint_fedhas [sprint_temple]

Skill      XL: |  1  2  3  4  5  6  7  8  9 10 |
---------------+-------------------------------+-----
Dodging        | 2 3 4 5 7 9 10 11 | 11.6
Stealth        | 7 9 11 13 14 17 19 21 23 | 23.7
Fighting       | 2 3 4 5 6 7 |  7.8
Short Blades   | 3 4 5 |  5.9
Throwing       | 3 4 5 6 7 8 |  8.2
Evocations     | 1 3 6 8 11 13 14 | 14.8
Spellcasting   | 2 5 |  5.6
Conjurations   | 1 3 |  3.4
Hexes          | 2 5 |  5.5

Action                   |  1- 3 |  4- 6 |  7- 9 | 10-12 || total
-------------------------+-------+-------+-------+-------++-------
Melee: Dagger            |     7 |    12 |    66 |    20 ||   105
Throw: Dart              |     8 |    17 |       |    21 ||    46
       Stone             |       |     1 |       |     2 ||     3
 Cast: Dazzling Flash    |       |       |       |     3 ||     3
 Abil: Evoke Invisibilit |       |     4 |     7 |     3 ||    14
  Use: Potion            |       |     1 |     2 |     3 ||     6
       Scroll            |       |       |     1 |     1 ||     2
 Stab: Sleeping          |     2 |     4 |    16 |     7 ||    29
Armor: Robe              |     1 |     1 |       |     2 ||     4
Dodge: Dodged            |     5 |    11 |     7 |    17 ||    40
Block: Buckler           |       |       |       |     5 ||     5
